 Dungeon Crawl Stone Soup version 0.18.1-48-g4cf74bf (webtiles) character file.

186 spiff the Conjurer (level 5, -2/35 HPs)
             Began as a Demonspawn Wizard on June 27, 2016.
             Slain by a hound (6 damage)
             ... on level 4 of the Dungeon.
             The game lasted 00:12:03 (3981 turns).

spiff the Conjurer (Demonspawn Wizard)              Turns: 3981, Time: 00:12:04

Health: -2/35      AC:  3    Str:  7    XL:     5   Next: 38%
Magic:  4/11       EV: 12    Int: 20    God:
Gold:   214        SH:  0    Dex: 12    Spells: 3 memorised, 6 levels left

rFire  . . .     SeeInvis .     l - +1 dagger (vamp)
rCold  . . .     Gourm    .     a - +1 robe
rNeg   . . .     Faith    .     (no shield)
rPois  .         Spirit   .     b - +0 hat
rElec  .         Dismiss  .     (no cloak)
rCorr  .         Reflect  .     (no gloves)
SustAt .         Harm     .     (no boots)
MR     .....                    (no amulet)
Stlth  +++.......               (no ring)
                                (no ring)

@: about to teleport, very slightly contaminated, drained, not resistant to
hostile enchantments, fairly stealthy
A: nightstalker 1
a: no special abilities


You were on level 4 of the Dungeon.
You were not hungry.

You visited 1 branch of the dungeon, and saw 4 of its levels.

You collected 214 gold pieces.

Inventory:

Hand Weapons
 l - a +1 vampiric dagger (weapon)
Armour
 a - a +1 robe (worn)
 b - a +0 hat (worn)
 o - a +0 helmet
Wands
 s - a wand of lightning (9/15)
Scrolls
 e - 4 scrolls of teleportation
 j - 2 scrolls of enchant weapon
 k - a scroll of remove curse
 n - 2 scrolls of identify
Potions
 h - a potion of cancellation {unknown}
 i - 2 potions of curing {unknown}
 m - 4 potions of might
 p - a potion of haste {unknown}
 q - a potion of berserk rage {unknown}
Books
 c - a book of Minor Magic

   Spells                             Type                      Level
   a - Magic Dart                     Conjuration                  1
   b - Blink                          Translocation                2
   c - Call Imp                       Summoning                    2
   d - Repel Missiles                 Charms/Air                   2
   e - Slow                           Hexes                        2
   f - Conjure Flame                  Conjuration/Fire             3
   g - Mephitic Cloud                 Conjuration/Poison/Air       3
Comestibles
 d - 2 bread rations
 f - a beef jerky
 g - a chunk of flesh
 t - a meat ration


   Skills:
 - Level 1.7 Dodging
 - Level 1.7 Stealth
 + Level 4.1 Spellcasting
 + Level 4.3 Conjurations
   Level 1.0(0.9) Summonings
 - Level 0.8 Translocations


You had 6 spell levels left.
You knew the following spells:

 Your Spells              Type           Power        Failure   Level  Hunger
a - Magic Dart            Conj           ###.         2%          1    None
c - Mephitic Cloud        Conj/Pois/Air  #.......     24%         3    ###....
q - Blink                 Tloc           N/A          17%         2    #......


Dungeon Overview and Level Annotations

Branches:
Dungeon (4/15)
 Temple: D:4-7

Altars:
Dithmenos
Gozag
Pakellas
Zin

Shops:
D:4 }

Annotations:
D:1 vault need wand of digging
D:4 Turgon's ghost, amateur DsTm


Innate Abilities, Weirdness & Mutations

You are slightly more attuned to the shadows.


Message History

The phantom hits you.
* * * LOW HITPOINT WARNING * * *
Casting: Magic Dart
Confirm with . or Enter, or press ? or * to list all spells.
Aiming: Magic Dart
Press: ? - help, Shift-Dir - straight line, f/p - phantom
Aim: a phantom (heavily damaged)
You miscast Magic Dart.
Your skin glows momentarily.
The phantom hits you!
* * * LOW HITPOINT WARNING * * *
The phantom blinks!
A hound comes into view.
Read which item? (? for menu, Esc to quit)
Okay, then.
Drink which item? (? for menu, Esc to quit)
Okay, then.
Read which item? (? for menu, Esc to quit)
As you read the scroll of teleportation, it crumbles to dust.
You feel strangely unstable.
The phantom blinks!
The hound bites you.
You die...

#### #.# #.... ##>## #####
#...# # ##### #...#
########## ##. ...# #...#
#......... #...
#.####...####.#####.## #...
###......>......# #.##
....#)!.......).....# #.##
#..#.#...h@....<...# #.##
#......##.#...#.##.#####.##
#...#.####.#...#.##.......##
##.#.#.# #.#...#.#########..
.....#W####.#...#.# #.#
#..............# #.#
.#.#.###.......## ######.#
...W...###.##.#..# #.......
####.##......###.#####.####.#


You could see a hound.

Vanquished Creatures
  A hound (D:3)
  A giant frog skeleton (D:4)
  6 adders
  An ooze (D:1)
  3 worms
  3 giant geckos
  An orc (D:3)
  3 giant cockroaches
  4 hobgoblins
  9 kobolds
  3 quokkas
  A ball python (D:4)
  8 bats
  3 giant newts
  5 goblins
  A jackal skeleton (D:4)
  A quokka skeleton (D:4)
  8 rats
62 creatures vanquished.

Notes
Turn   | Place    | Note
--------------------------------------------------------------
     0 | D:1      | spiff the Demonspawn Wizard began the quest for the Orb.
     0 | D:1      | Reached XP level 1. HP: 13/13 MP: 4/4
   406 | D:1      | Gained mutation: You are slightly more attuned to the shadows. [demonic ancestry]
   406 | D:1      | Reached XP level 2. HP: 19/19 MP: 0/6
  1127 | D:2      | Learned a level 2 spell: Blink
  1231 | D:2      | Reached XP level 3. HP: 24/24 MP: 5/7
  1319 | D:2      | Found an oddly glowing altar of Pakellas.
  2317 | D:2      | Reached XP level 4. HP: 28/30 MP: 2/9
  2535 | D:3      | Learned a level 3 spell: Mephitic Cloud
  3071 | D:3      | Found an opulent altar of Gozag.
  3086 | D:3      | Found a shadowy altar of Dithmenos.
  3104 | D:3      | Found a glowing silver altar of Zin.
  3326 | D:4      | Noticed Turgon's ghost (amateur DsTm)
  3391 | D:4      | Reached XP level 5. HP: 35/35 MP: 4/10
  3833 | D:4      | Found Jiemn's Gadget Emporium.
  3962 | D:4      | Noticed a phantom
  3981 | D:4      | Slain by a hound

Skill      XL: |  1  2  3  4  5 |
---------------+----------------+-----
Conjurations   | 2 3 4 |  4.3
Spellcasting   | 4 |  4.1
Dodging        | |  1.7
Stealth        | |  1.7
Summonings     | |  1.0
Translocations | |  0.8

Action                   |  1- 3 |  4- 6 || total
-------------------------+-------+-------++-------
Melee: Unarmed           |    11 |       ||    11
       Club              |     5 |     6 ||    11
       Dagger            |       |     4 ||     4
 Cast: Magic Dart        |    90 |    84 ||   174
  Use: Scroll            |       |    14 ||    14
 Stab: Sleeping          |       |     1 ||     1
  Eat: Chunk             |     4 |     5 ||     9
       Meat ration       |       |     1 ||     1
Armor: Robe              |    13 |     9 ||    22
Dodge: Dodged            |    23 |    29 ||    52
